 Dungeon Crawl Stone Soup version 0.30.1-9-gdf580d7c3d (webtiles) character file.

Game seed: 4695515907470383435

217 lonewolfV2 the Shield-Bearer (level 6, -3/49 HPs)
             Began as a Formicid Fighter on Oct 16, 2023.
             Succumbed to a water moccasin's poison
             ... on level 6 of the Dungeon.
             The game lasted 00:05:34 (3088 turns).

lonewolfV2 the Shield-Bearer (Formicid Fighter)     Turns: 3088, Time: 00:05:35

Health: -3/49      AC:  7    Str: 20    XL:     6   Next: 16%
Magic:  6/6        EV:  9    Int:  8    God:
Gold:   182        SH:  5    Dex: 15    Spells: 5/5 levels left

rFire   . . .        a - +0 war axe
rCold   . . .        c - +0 buckler
rNeg    . . .        b - +0 scale mail
rPois   .            (helmet unavailable)
rElec   .            (no cloak)
rCorr   .            (no gloves)
SInv    +            (no boots)
Will    .....        (no amulet) Stlth
                     (no ring)
HPRegen 0.28/turn    (no ring)
MPRegen 0.10/turn

%: no passive effects
@: mighty, lethally poisoned (-3 -> -19)
A: permanent stasis, dig shafts and tunnels, antennae 3, four strong arms
a: Dig, Shaft Self


You were on level 6 of the Dungeon.
You visited 1 branch of the dungeon, and saw 5 of its levels.

You collected 182 gold pieces.

Inventory:

Hand Weapons
 a - a +0 war axe (weapon)
Armour
 b - a +0 scale mail (worn)
 c - a +0 buckler (worn)
Wands
 g - a wand of flame (11)
 n - a wand of polymorph (8)
Scrolls
 e - 3 scrolls of teleportation
Potions
 d - a potion of might
 f - 2 potions of heal wounds
 h - a potion of haste {unknown}
 i - a potion of curing
 k - a potion of flight {unknown}
 o - a potion of berserk rage {unknown}


   Skills:
 + Level 4.5 Fighting
 + Level 3.4 Axes
 + Level 4.5 Armour
 + Level 5.4 Shields


You had 5 spell levels left.
You didn't know any spells.
Your spell library contained the following spells:

 Spells                   Type           Power      Damage    Failure   Level
 Shock                    Conj/Air       0%         1d3       82%         1
 Airstrike                Air            0%         2d(0-16)  100%        4
 Swiftness                Air            Unusable   N/A       N/A         3

Dungeon Overview and Level Annotations

Branches:
Dungeon (4/15)             Temple (0/1) D:4

Altars:

Shops:
D:3 *!*

Annotations:
D:4 Grinder, Natasha


Innate Abilities, Weirdness & Mutations

You cannot be hasted, slowed, berserked, paralysed or teleported.
You can dig through walls and to a lower floor.
You have a pair of large antennae on your head. (SInv)
Your four strong arms can wield two-handed weapons with a shield.


Message History

You feel very mighty all of a sudden. The goblin hits you with a +0 club.
An orc comes into view.
It is wielding a +2 short sword of flaming.
Grinder gestures at you.
Your stasis prevents you from being paralysed.
Natasha claws you!
You barely miss the goblin. You closely miss Natasha.
The orc shouts!
You hear a shout!
You hear an angry hiss.
Grinder gestures at you. Pain shoots through your body!
An orc priest comes into view. It is wielding a +2 heavy flail.
The goblin hits you but does no damage. Natasha claws you.
You slash the goblin!
You kill the goblin!
You completely miss Natasha.
Grinder blinks!
Natasha claws you but does no damage. The water moccasin bites you.
* * * LOW HITPOINT WARNING * * *
Grinder gestures at you.
Your stasis prevents you from being paralysed.
An orc comes into view. It is wielding a +0 club.
Natasha closely misses you.
Are you sure you want to shaft yourself?
The water moccasin bites you but does no damage.
You block the orc's attack. Natasha barely misses you.
You begin to dig a shaft.
You continue digging a shaft.
The water moccasin bites you.
* * * LOW HITPOINT WARNING * * *
You are lethally poisoned!
The water moccasin poisons you! The orc barely misses you.
The endoplasm freezes you.
You are frozen.
* * * LOW HITPOINT WARNING * * *
The water moccasin bites you.
* * * LOW HITPOINT WARNING * * *
Natasha claws you.
* * * LOW HITPOINT WARNING * * *
A shaft appears beneath you!
You fall into a shaft and drop 2 floors!
The shaft crumbles and collapses.
You die...

. ..
.#. ...
# ..
#$###.#
#..@..#
#######


There were no monsters in sight!

Vanquished Creatures
  A sleepcap (D:4)
  Terence (D:3)
  5 gnolls
  3 adders
  An ufetubus (D:2)
  5 dart slugs
  2 orcs (D:3)
  6 ball pythons
  7 endoplasms
  3 giant cockroaches (D:1)
  2 goblins
  5 hobgoblins
  3 jackals (D:2)
  5 quokkas
  13 bats
  2 frilled lizards
  4 kobolds
  9 rats
77 creatures vanquished.

Notes
Turn   | Place    | Note
-------+----------+-------------------------------------------
     0 | D:1      | lonewolfV2 the Formicid Fighter began the quest for the
                  | Orb.
     0 | D:1      | Reached XP level 1. HP: 18/18 MP: 1/1
    94 | D:1      | Found a faded altar of an unknown god.
   178 | D:1      | Reached XP level 2. HP: 24/24 MP: 2/2
   435 | D:1      | Reached XP level 3. HP: 27/29 MP: 3/3
   711 | D:2      | Reached XP level 4. HP: 36/37 MP: 4/4
  1904 | D:3      | Reached XP level 5. HP: 42/42 MP: 5/5
  1935 | D:3      | Reached skill level 5 in Shields
  2048 | D:3      | Found Xaylos's Distillery.
  2159 | D:3      | Found Tewoun Yreu's Assorted Antiques.
  2221 | D:3      | Noticed Terence
  2240 | D:3      | Killed Terence
  2980 | D:3      | Found Joapon's Assorted Antiques.
  3065 | D:4      | Found a staircase to the Ecumenical Temple.
  3071 | D:4      | Reached XP level 6. HP: 40/49 MP: 6/6
  3079 | D:4      | Noticed Grinder
  3079 | D:4      | Noticed Natasha
  3081 | D:4      | Noticed a water moccasin
  3087 | D:4      | HP: 1/49 [Natasha (2)]
  3088 | D:4      | You fall into a shaft and drop 2 floors!
  3088 | D:6      | Succumbed to a water moccasin's poison

Illustrated notes

Levels and vault maps discovered:
D:1:      roderic_crossed_star, layout_rooms,
          ebering_ecumenical_altar_abandoned, minmay_misc_feat_doors
D:2:      minmay_recursive_quarters, layout_basic, serial_forest,
          infiniplex_forest_split, infiniplex_forest_split,
          infiniplex_forest_diagonal, infiniplex_forest_clump_curved,
          infiniplex_forest_lined_corner, infiniplex_forest_clump_small,
          infiniplex_forest_straight_2, minmay_liquid_box
D:3:      layout_rooms, serial_shops, shop, shop, nicolae_shop_crystal,
          uniq_terence
D:4:      layout_rooms, minmay_temple_entry_statues_fountains, serial_shops,
          shop_fountains, lightli_sewer_entry_pipes, uniq_grinder, uniq_natasha
D:6:      layout_basic, amcnicky_altar_gilded,
          mainiacjoe_overflow_concentric_impassable, grunt_temple_overflow_open

Skill      XL: |  1  2  3  4  5 |
---------------+----------------+-----
Armour         | 4 |  4.5
Fighting       | 4 |  4.5
Axes           | 3 |  3.4
Shields        | 5 |  5.4

Action                     |  1- 3 |  4- 6 || total
---------------------------+-------+-------++-------
  Melee: War axe           |    69 |   117 ||   186
Ability: Shaft Self        |       |     1 ||     1
    Use: Scroll            |     3 |     6 ||     9
         Potion            |       |     1 ||     1
 Armour: Scale mail        |    47 |    55 ||   102
  Dodge: Dodged            |    43 |    55 ||    98
  Block: Buckler           |    22 |    29 ||    51
